 Dungeon Crawl Stone Soup version 0.29.1-14-g9c671dbff4 (webtiles) character file.

Game seed: 3343054953306909731

44 gregunderscorem the Sneak (level 3, -9/25 HPs)
             Began as an Octopode Brigand on Feb 19, 2023.
             Mangled by Terence
             ... wielding a +0 mace
              (11 damage)
             ... on level 2 of the Dungeon.
             The game lasted 00:01:11 (1183 turns).

gregunderscorem the Sneak (Octopode Brigand)        Turns: 1183, Time: 00:01:12

Health: -9/25      AC:  1    Str: 10    XL:     3   Next: 62%
Magic:  3/3        EV: 13    Int: 15    God:
Gold:   50         SH:  0    Dex: 13    Spells: 2/2 levels left

rFire   . . .      SeeInvis .   a - +2 dagger
rCold   . . .      Faith    .   (no shield)
rNeg    . . .      Spirit   .   (helmet restricted)
rPois   .          Reflect  .   (no amulet)
rElec   .          Harm     .   (no ring)
rCorr   .          Rampage  .   (no ring)
Will    .....                   (no ring)
Stlth   ++++......              (no ring)
HPRegen 0.08/turn               (no ring)
MPRegen 0.08/turn               (no ring)
                                (no ring)
                                (no ring)

@: no status effects
A: almost no armour, amphibious, 8 rings, camouflage 1, gelatinous body 1,
(nimble swimmer 1), tentacles
a: no special abilities


You were on level 2 of the Dungeon.
You visited 1 branch of the dungeon, and saw 2 of its levels.

You collected 50 gold pieces.

Inventory:

Hand Weapons
 a - a +2 dagger (weapon)
Missiles
 b - 9 poisoned darts (quivered)
 c - 3 curare-tipped darts
Jewellery
 g - an amulet of faith
Scrolls
 d - 3 scrolls of identify {unknown}
 e - a scroll of teleportation {unknown}
Potions
 f - a potion of heal wounds {unknown}
 h - a potion of haste {unknown}


   Skills:
 + Level 2.5 Fighting
 + Level 2.5 Short Blades
 - Level 2.0 Throwing
 + Level 1.9 Dodging
 + Level 5.8 Stealth


You had 2 spell levels left.
You didn't know any spells.
Your spell library was empty.

Dungeon Overview and Level Annotations

Branches:
Dungeon (2/15)

Altars:

Shops:
D:1 *

Annotations:
D:2 Terence


Innate Abilities, Weirdness & Mutations

You cannot wear most types of armour.
You are amphibious.
You can wear up to eight rings at the same time.
Your skin changes colour to match your surroundings (Stealth+).
Your rubbery body absorbs attacks. (AC +1, EV +1)
((You are camouflaged when in or above water. (Stealth+)))
You have tentacles for arms and can constrict up to eight enemies at once.


Message History

The adder is heavily wounded.
You constrict the adder.
You feel sick. The adder misses you.
You hit the adder.
You kill the adder!
You feel sick.
No target in view!
No target in view!
No target in view!
No target in view!
No target in view!
No target in view!
No target in view!
You feel sick.
You are no longer poisoned.
A rat comes into view.
A rat is nearby!
A hobgoblin comes into view.
Terence the Incautious comes into view.
He is wielding a +0 mace.
Found a stone staircase leading down.
Terence shouts!
Terence looks scornfully at you.
The hobgoblin shouts!
You hit Terence but do no damage. You grab Terence. You squeeze Terence.
Terence is lightly wounded.
You constrict Terence, but do no damage.
The hobgoblin hits you.
An endoplasm comes into view.
Terence hits you with a +0 mace!
* * * LOW HITPOINT WARNING * * *
You are too injured to fight recklessly!
You are too injured to fight recklessly!
You are too injured to fight recklessly!
You are too injured to fight recklessly!
You are too injured to fight recklessly!
There are monsters nearby!
You release your grip on Terence.
The hobgoblin hits you.
* * * LOW HITPOINT WARNING * * *
The hobgoblin attacks as you move away! The hobgoblin misses you.
Terence attacks as you move away! Terence hits you with a +0 mace!
You die...

#######.# #.### ###
######...######..#
#......###≈≈~≈##.########
#......#.#≈~≈~##.........
##........'~≈~≈'.†........
..........#≈~≈~#..........
..........#≈≈~≈#..........
......##########@.........
##....# #......@g........
##....## #................
.......# #.......r........
..........>.....#.........
................#.........
....##....................
....##........#.......J..
............#.#. #......


You could see Terence, an endoplasm, a hobgoblin and a rat.

Vanquished Creatures
  A gnoll (D:1)
  An adder (D:2)
  2 endoplasms (D:1)
  3 goblins (D:1)
  3 jackals (D:1)
  4 quokkas (D:1)
  A bat (D:1)
  2 frilled lizards
  4 kobolds (D:1)
  4 rats (D:1)
25 creatures vanquished.

Notes
Turn   | Place    | Note
-------+----------+-------------------------------------------
     0 | D:1      | gregunderscorem the Octopode Brigand began the quest for
                  | the Orb.
     0 | D:1      | Reached XP level 1. HP: 14/14 MP: 1/1
    32 | D:1      | Found Joapsesi's Assorted Antiques.
    68 | D:1      | Reached XP level 2. HP: 19/19 MP: 2/2
   609 | D:1      | Reached XP level 3. HP: 23/25 MP: 3/3
  1176 | D:2      | Noticed Terence
  1183 | D:2      | Mangled by Terence

Illustrated notes

Levels and vault maps discovered:
D:1:      minmay_arrival_up_and_down, layout_loops_ring, serial_shops,
          nicolae_shop_overgrown_old_shop
D:2:      layout_basic, chequers_ecumenical_altar_simple_redux, serial_shops,
          nicolae_shop_bloodbath_and_beyond, chequers_serial_rivers_room_b,
          chequers_serial_rivers_room_b, uniq_terence

Action                   || total
-------------------------++-------
Melee: Dagger            ||    45
       Constrict         ||    14
       Tentacles         ||     9
 Stab: Sleeping          ||     7
Armor: Skin              ||     2
Dodge: Dodged            ||    13
